 Dungeon Crawl Stone Soup version 0.19.1 (webtiles) character file.

158 Satou the Gusty (level 5, -7/28 HPs)
             Began as a Deep Elf Air Elementalist on Dec 5, 2016.
             Killed from afar by mathias's ghost (25 damage)
             ... with an orb of energy
             ... on level 3 of the Dungeon.
             The game lasted 00:27:43 (2761 turns).

Satou the Gusty (Deep Elf Air Elementalist)         Turns: 2761, Time: 00:27:43

Health: -7/28      AC:  4    Str:  5    XL:     5   Next: 16%
Magic:  2/13       EV: 13    Int: 21    God:
Gold:   137        SH:  0    Dex: 15    Spells: 4 memorised, 1 level left

rFire  . . .     SeeInvis .     e - +1 short sword (holy)
rCold  . . .     Gourm    .     a - +0 robe
rNeg   . . .     Faith    .     (no shield)
rPois  .         Spirit   .     h - +0 helmet
rElec  .         Reflect  .     k - +0 cloak
rCorr  .         Harm     .     (no gloves)
MR     .....                    (no boots)
Stlth  ++........               (no amulet)
                                (no ring)
                                (no ring)

@: repel missiles
A: no striking features
a: no special abilities


You were on level 3 of the Dungeon.
You were hungry.

You visited 1 branch of the dungeon, and saw 3 of its levels.

You collected 137 gold pieces.

Inventory:

Hand Weapons
 d - a +0 club
 e - a +1 short sword of holy wrath (weapon)
 l - a +0 quarterstaff
 o - a +0 mace
 q - a +2 mace of distortion
 t - a +3 quarterstaff of chaos
Armour
 a - a +0 robe (worn)
 f - a +0 robe
 h - a +0 helmet (worn)
 k - a +0 cloak (worn)
 p - a +0 chain mail
 u - a +0 cloak
Jewellery
 m - an uncursed ring of teleportation
Scrolls
 g - a scroll of identify
 v - a scroll of remove curse
Potions
 n - a potion of curing
 r - 2 potions of might {unknown}
 s - a potion of resistance {unknown}
Books
 b - a book of Air

   Spells                             Type                      Level
   a - Shock                          Conjuration/Air              1
   b - Swiftness                      Charms/Air                   2
   c - Repel Missiles                 Charms/Air                   2
   d - Static Discharge               Conjuration/Air              3
   e - Lightning Bolt                 Conjuration/Air              5
Comestibles
 c - a bread ration
 j - 2 slices of pizza


   Skills:
 + Level 0.5 Fighting
 + Level 1.1 Short Blades
 + Level 2.5 Dodging
 + Level 3.4 Stealth
 + Level 4.0 Spellcasting
 + Level 2.1 Conjurations
 + Level 0.8 Charms
 + Level 4.2 Air Magic


You had one spell level left.
You knew the following spells:

 Your Spells              Type           Power        Failure   Level  Hunger
a - Shock                 Conj/Air       ###.         3%          1    None
b - Repel Missiles        Chrm/Air       ##....       8%          2    #......
c - Lightning Bolt        Conj/Air       ###.......   87%         5    ######.
d - Static Discharge      Conj/Air       ###.....     12%         3    ###....


Dungeon Overview and Level Annotations

Branches:
Dungeon (3/15)

Altars:

Annotations:
D:3 mathias's ghost, amateur OpCj


Message History

Mathias's ghost is struck by lightning.
Mathias's ghost is heavily damaged.
The lightning arcs!
You are struck by lightning.
The lightning grounds out.
Mathias's ghost hits you.
Unknown command.
Casting: Static Discharge
Confirm with . or Enter, or press ? or * to list all spells.
Mathias's ghost is struck by lightning.
Mathias's ghost is severely damaged.
The lightning arcs!
You are struck by lightning.
The lightning grounds out.
Mathias's ghost casts a spell at you. The magic dart hits you!
* * * LOW HITPOINT WARNING * * *
You feel much better. Mathias's ghost closely misses you.
Mathias's ghost stares at you and mumbles some strange words.
The orb of energy hits you!
Mathias's ghost stares at you and mumbles some strange words.
The orb of energy hits you!
Ouch! That really hurt!
You die...

).# #.# ..... #.#.#...#.## ..#
#.##.#.####.#........#
..#####..).#......###..W...#
###.........##....#.#...##.#
.............'.............#
.##.........##........#.#..#
............####.#.........#
.##...........##>#....#.##.#
..######.#...(##@####W#.##... ..#
#.#....##.#....<..######## ..####
#.#....##.#....#.........#
.....###.#....##W#######.######.#
.........#....##.........######.#
................................#
...........######################
...........# ...........#


You could see mathias's ghost.

Vanquished Creatures
  Crazy Yiuf (D:2)
  Terence (D:2)
  3 gnolls (D:3)
  An adder (D:2)
  An ooze (D:3)
  A worm (D:2)
  A dart slug (D:2)
  7 bats
  5 giant cockroaches
  6 goblins
  8 hobgoblins
  6 jackals (D:1)
  5 kobolds
  2 ball pythons
  5 frilled lizards
  5 rats
58 creatures vanquished.

Notes
Turn   | Place    | Note
-------+----------+-------------------------------------------
     0 | D:1      | Satou the Deep Elf Air Elementalist began the quest for the Orb.
     0 | D:1      | Reached XP level 1. HP: 10/10 MP: 6/6
   233 | D:1      | Reached XP level 2. HP: 15/15 MP: 1/8
   838 | D:1      | Reached XP level 3. HP: 19/19 MP: 7/9
  1396 | D:2      | Learned a level 2 spell: Repel Missiles
  1611 | D:2      | Reached skill level 1 in Short Blades
  1708 | D:2      | Noticed Terence
  1725 | D:2      | Killed Terence
  1725 | D:2      | Reached XP level 4. HP: 20/24 MP: 1/11
  1894 | D:2      | Found a runed door.
  1898 | D:2      | Noticed Crazy Yiuf
  1907 | D:2      | Killed Crazy Yiuf
  2522 | D:3      | Reached XP level 5. HP: 24/28 MP: 6/13
  2531 | D:3      | Learned a level 5 spell: Lightning Bolt
  2535 | D:3      | Learned a level 3 spell: Static Discharge
  2721 | D:3      | Noticed mathias's ghost (amateur OpCj)
  2761 | D:3      | Killed from afar by mathias's ghost

Skill      XL: |  1  2  3  4 |
---------------+-------------+-----
Stealth        | 3 |  3.4
Short Blades   | 1 |  1.1
Spellcasting   | 4 |  4.0
Conjurations   | 2 |  2.1
Air Magic      | 4 |  4.2
Fighting       | |  0.5
Dodging        | |  2.5
Charms         | |  0.8

Action                   |  1- 3 |  4- 6 || total
-------------------------+-------+-------++-------
Melee: Short sword       |    26 |    10 ||    36
 Cast: Shock             |    73 |    31 ||   104
       Repel Missiles    |     1 |       ||     1
       Static Discharge  |       |     3 ||     3
  Use: Scroll            |     4 |     1 ||     5
       Potion            |       |     2 ||     2
 Stab: Sleeping          |     2 |     1 ||     3
  Eat: Chunk             |     2 |     3 ||     5
Armor: Robe              |    14 |    17 ||    31
Dodge: Dodged            |    33 |    20 ||    53
